 Dungeon Crawl Stone Soup version 0.18.1-48-g4cf74bf (webtiles) character file.

41738 mopl the Grand Gadgeteer (level 14, -4/74 HPs)
             Began as a Vine Stalker Wanderer on Aug 28, 2016.
             Was the Champion of Pakellas.
             Slain by a phantasmal warrior (17 damage)
             ... on level 12 of the Dungeon.
             The game lasted 01:07:43 (18561 turns).

mopl the Grand Gadgeteer (Vine Stalker Wanderer)   Turns: 18561, Time: 01:07:46

Health: -4/74      AC: 12    Str: 15    XL:     14   Next: 16%
Magic:  0/24       EV: 18    Int: 18    God:    Pakellas [******]
Gold:   572        SH:  6    Dex: 20    Spells: 0 memorised, 13 levels left

rFire  + . .     SeeInvis .     a - +4 short sword
rCold  . . .     Gourm    .     X - +2 robe {rF+}
rNeg   . . .     Faith    +     k - +0 buckler
rPois  +         Spirit   +     z - +0 hat
rElec  .         Dismiss  .     W - +0 cloak {+Inv}
rCorr  .         Reflect  .     P - +0 pair of gloves
SustAt .         Harm     .     j - +0 pair of boots
MR     .....                    n - amulet of faith {!P}
Stlth  +++++.....               I - ring of flight
                                D - ring "Kyjufong" {rPois AC+5 Int+4 Dex+3, =R}

@: about to teleport, vulnerable, very slightly contaminated, invisible, not
resistant to hostile enchantments, quite stealthy
A: fangs 3, regeneration 3, magic shield, antimagic bite, no device heal 3, rot
immunity
a: Quick Charge, Device Surge, Supercharge, Renounce Religion, Turn Visible,
Evoke Flight


You were on level 12 of the Dungeon.
You worshipped Pakellas.
Pakellas was exalted by your worship.
You were near starving.

You visited 3 branches of the dungeon, and saw 16 of its levels.
You also visited: Ossuary, Bailey, Ice Cave and Volcano.

You collected 1090 gold pieces.
You spent 518 gold pieces at shops.

Inventory:

Hand Weapons
 a - a +4 short sword (weapon)
 b - the +3 long sword of Trog {freeze, Int+5 SInv}
   (You found it in an ice cave)

   It has been specially enchanted to freeze those struck by it, causing extra
   injury to most foes and up to half again as much damage against particularly
   susceptible opponents.
   It can also slow down cold-blooded creatures.
   It affects your intelligence (+5).
   It lets you see invisible.
 o - a +2 dagger of venom
 J - a +4 demon trident
Missiles
 d - 2 tomahawks of dispersal
 m - 6 javelins
 t - 12 tomahawks (quivered)
 w - 3 throwing nets
Armour
 j - a +0 pair of boots (worn)
 k - a +0 buckler (worn)
 y - a troll hide
 z - a +0 hat (worn)
 P - a +0 pair of gloves (worn)
 W - a +0 cloak of invisibility (worn)
 X - a +2 robe of fire resistance (worn)
Rods
 F - a +9 rod of inaccuracy (17/17) {!a}
   (Pakellas gifted it to you in an ice cave)
Jewellery
 e - an uncursed ring of stealth
 n - an amulet of faith (around neck) {!P}
 A - an uncursed ring of positive energy
 B - an uncursed ring of see invisible
 D - the ring "Kyjufong" (left hand) {rPois AC+5 Int+4 Dex+3, =R}
   (You took it off a frost giant in an ice cave)

   [ring of protection]

   It affects your AC (+5).
   It affects your intelligence (+4).
   It affects your dexterity (+3).
   It protects you from poison.
 I - a ring of flight (right hand)
 O - a +2 amulet of reflection {unknown}
 R - an uncursed ring of protection from cold
Wands
 h - a wand of disintegration (20/24)
 q - a wand of polymorph (13/24)
 G - a wand of lightning (12/15)
 H - a wand of slowing (12/48)
 Q - a wand of random effects (35/48)
 U - a wand of enslavement (6/24)
 Y - a wand of hasting (6/9)
 Z - a wand of confusion (24/48)
Scrolls
 c - 4 scrolls of teleportation
 f - a scroll of fog {unknown}
 l - 2 scrolls of fear
 u - 8 scrolls of remove curse
Potions
 i - 18 potions of curing
 p - 2 potions of cure mutation {!q}
 s - a potion of lignification {!q}
 v - 6 potions of magic
 x - a potion of invisibility
 C - a potion of resistance
 L - 3 potions of agility
 M - a potion of berserk rage {!q}
 S - a potion of haste
 T - a potion of ambrosia
Miscellaneous
 r - a lamp of fire
 E - a plain deck of wonders {drawn: 1}
 K - a phantom mirror
 V - a phial of floods (inert)
Comestibles
 g - 6 bread rations
 N - a meat ration


   Skills:
 + Level 8.5 Fighting
 - Level 4.0(7.8) Short Blades
 * Level 10.4(10.7) Long Blades
   Level 1.0 Staves
 - Level 1.8 Throwing
 + Level 3.1 Armour
 + Level 7.4 Dodging
 + Level 11.2 Stealth
 - Level 5.0 Shields
 * Level 12.1 Evocations


You had 13 spell levels left.
You didn't know any spells.

Dungeon Overview and Level Annotations

Branches:
Dungeon (12/15)            Temple (1/1) D:4            Lair (3/8) D:8
 Shoals (0/4) Lair:3          Orc (0/2) D:11
  Snake: Lair:3-6    Spider: Lair:3-6

Altars:
Ashenzari
Cheibriados
Dithmenos
Elyvilon
Fedhas
Gozag
Kikubaaqudgha
Makhleb
Nemelex Xobeh
Okawaru
Pakellas
Qazlal
Ru
Trog
Vehumet
Xom
Yredelemnul
Zin
The Shining One

Shops:
D:5 =*


Innate Abilities, Weirdness & Mutations

You have razor-sharp teeth.
You regenerate.
When hurt, damage is shared between your health and your magic reserves.
Your bite disrupts and absorbs the magic of your enemies.
Potions and wands cannot restore your health.
You are immune to rotting.


Message History

The hill giant is heavily wounded.
The vampire mosquito barely misses you.
You block the vampire mosquito's attack.
The hill giant hits you with a giant club!!
* * * LOW HITPOINT WARNING * * *
The troll barely misses you. The troll misses you.
You block the troll's attack. The phantasmal warrior misses you.
Evoke which item? (* to show all) (? for menu, Esc to quit)
You draw a card...
It is the Mercenary.
Pay Keijyleu's fee of 96 gold?
Uppercase [Y]es or [N]o only, please.
Pay Keijyleu's fee of 96 gold?
Keijyleu attacks!
Keijyleu the big kobold comes into view.
It is wielding an antimagic dagger.
The vampire mosquito completely misses you.
The vampire mosquito closely misses you.
The troll barely misses you. The troll misses you. x2
The death knight completely misses you. The phantasmal warrior hits you!!
You die...
Pakellas says: Good help is so hard to find these days!

...#......................#
...'......................#
...#........).............#
####......................######
......######...................#
....>.#....#...................#
......#....#.<..#####..........#
......#....#...8#Co)#......<...#
......#.[[.#...W@Tp)#..........#
......'....#...8#y5:#..........#
......#........K#####..........#
......####[....................#
#######..#######################
..........# ..........#
..........# ..........#


You could see a death knight, an orc knight, a hill giant, a phantasmal warrior,
a troll, a vampire mosquito, Keijyleu the big kobold (wandering) and a crimson
imp (wandering).

Vanquished Creatures
  Maud (D:12)
  A frost giant (IceCv)
  Harold (D:11)
  A hydra (Lair:2)
  7 hill giants
  2 orc knights (Bailey)
  A griffon (Lair:3)
  An ugly thing (D:11)
  A cyclops (D:11)
  A manticore (Lair:3)
  5 elephants
  A black mamba (Lair:2)
  An ice statue (IceCv)
  A torpor snail (Lair:3)
  2 spiny frogs (Lair:2)
  2 gargoyles (D:10)
  3 komodo dragons
  4 trolls
  17 polar bears (IceCv)
  A two-headed ogre (D:10)
  A slime creature (D:12)
  9 blink frogs
  A spriggan (D:7)
  Sigmund (D:5)
  A wraith (D:11)
  4 wyverns
  A vampire (D:11)
  A fire bat (D:10)
  48 yaks
  2 hungry ghosts
  Menkaure (D:5)
  6 hippogriffs
  7 water moccasins
  6 porcupines
  An eye of draining (D:11)
  5 phantoms
  15 orc warriors
  5 sky beasts
  4 slaves (D:6)
  2 black bears
  2 wasps
  3 ice beasts
  A necrophage (D:10)
  5 ogres
  3 centaurs
  11 wolves (IceCv)
  6 crocodiles
  Blork the orc (D:5)
  A big kobold (D:9)
  7 giant frogs
  10 scorpions
  9 killer bees
  3 wights (D:10)
  8 howler monkeys
  3 crimson imps
  2 quasits (D:8)
  3 centaur zombies
  6 hounds
  5 human zombies (Ossuary)
  9 orc priests
  13 orc wizards
  2 jellies
  3 centaur skeletons
  3 giant frog skeletons
  5 iguanas
  Terence (D:2)
  9 worker ants
  A sheep (D:8)
  3 big kobold zombies (Ossuary)
  A hound zombie (D:10)
  3 mummies (Ossuary)
  A worker ant zombie (D:11)
  A howler monkey zombie (D:7)
  A howler monkey skeleton (D:4)
  4 scorpion zombies (Ossuary)
  11 adders
  14 river rats (Lair:1)
  3 shadow imps
  12 white imps (Lair:1)
  An adder zombie (D:5)
  4 adder skeletons
  3 worms
  A dart slug (D:3)
  5 giant geckos
  42 orcs
  4 bats
  4 giant cockroaches
  A gnoll zombie (Ossuary)
  7 goblins
  5 hobgoblins
  7 jackals
  2 quokkas (D:5)
  2 ball pythons (D:2)
  7 giant newts
  A goblin skeleton (D:8)
  5 goblin zombies
  4 hobgoblin zombies
  4 kobolds
  5 kobold zombies
  An orc skeleton (D:8)
  An orc zombie (Ossuary)
  3 rats
  A butterfly (Lair:2)
484 creatures vanquished.

Vanquished Creatures (collateral kills)
  The ghost of ceb the Blocker, a novice MiBe of Trog (Bailey)
  The ghost of Heedrag the Destroyer, a novice DECj of Vehumet (IceCv)
  A polar bear (IceCv)
  An orc warrior (Bailey)
  4 wolves (IceCv)
  A giant frog (Lair:1)
  2 orcs (Bailey)
11 creatures vanquished.

Vanquished Creatures (others)
  A polar bear (IceCv)
  An orc (Bailey)
  2 kobolds (D:9)
  19 fungi
  A plant (Lair:1)
24 creatures vanquished.

Grand Total: 519 creatures vanquished

Notes
Turn   | Place    | Note
--------------------------------------------------------------
     0 | D:1      | mopl the Vine Stalker Wanderer began the quest for the Orb.
     0 | D:1      | mopl set off with: a wand of flame (15/48), a potion of lignification {!q}, a scroll of teleportation, a +0 robe, a +0 club, a +0 dagger, a bread ration
     0 | D:1      | Reached XP level 1. HP: 11/11 MP: 2/2
    77 | D:1      | Reached skill level 2 in Fighting
    77 | D:1      | Reached skill level 5 in Stealth
    77 | D:1      | Reached XP level 2. HP: 4/15 MP: 0/3
   940 | D:2      | Reached XP level 3. HP: 16/18 MP: 5/5
  1065 | D:2      | Noticed Terence
  1080 | D:2      | Killed Terence
  1080 | D:2      | Reached skill level 2 in Evocations
  1237 | D:2      | Reached XP level 4. HP: 23/23 MP: 6/6
  1239 | D:2      | Found a shattered altar of Ashenzari.
  1248 | D:2      | Reached skill level 1 in Short Blades
  1252 | D:2      | Became a worshipper of Ashenzari the Shackled
  1253 | D:2      | Fell from the grace of Ashenzari
  1581 | D:3      | Reached skill level 2 in Dodging
  1890 | D:3      | Reached XP level 5. HP: 27/27 MP: 7/7
  2246 | D:3      | Found an opulent altar of Gozag.
  2769 | D:4      | Found a radiant altar of Vehumet.
  2905 | D:4      | Reached skill level 1 in Shields
  3055 | D:4      | Was forgiven by Ashenzari
  3055 | D:4      | Reached skill level 3 in Evocations
  3067 | D:4      | Gained mutation: You heal very quickly. [Vine Stalker growth]
  3067 | D:4      | Reached XP level 6. HP: 24/32 MP: 9/9
  3148 | D:4      | Found a staircase to the Ecumenical Temple.
  3160 | Temple   | Entered the Ecumenical Temple
  3192 | Temple   | Became a worshipper of Pakellas the Inventive
  3341 | D:4      | Reached skill level 6 in Stealth
  3646 | D:5      | Entered Level 5 of the Dungeon
  3662 | D:5      | Noticed Blork the orc
  3674 | D:5      | Found Ishriaseo's Magic Scroll Boutique.
  3679 | D:5      | Noticed Menkaure
  3701 | D:5      | Killed Menkaure
  3701 | D:5      | Reached skill level 3 in Fighting
  3701 | D:5      | Reached skill level 2 in Short Blades
  3701 | D:5      | Reached XP level 7. HP: 36/36 MP: 8/10
  3724 | D:5      | Bought a scroll of identify for 26 gold pieces
  3724 | D:5      | Bought a scroll of identify for 26 gold pieces
  3724 | D:5      | Bought a scroll of identify for 26 gold pieces
  3724 | D:5      | Bought a scroll of random uselessness for 13 gold pieces
  3724 | D:5      | Bought a scroll of teleportation for 39 gold pieces
  3770 | D:5      | Found Duajee's Jewellery Emporium.
  3810 | D:5      | Reached skill level 2 in Shields
  3810 | D:5      | Reached skill level 4 in Evocations
  3878 | D:5      | Found Runn's General Store.
  3917 | D:5      | Bought a potion of brilliance for 52 gold pieces
  4027 | D:5      | Noticed Sigmund
  4454 | D:5      | Killed Blork the orc
  4610 | D:6      | Found a snail-covered altar of Cheibriados.
  4617 | D:6      | Reached * piety under Pakellas
  4617 | D:6      | Received a gift from Pakellas
  4840 | D:6      | Gained mutation: You have razor-sharp teeth. [Vine Stalker growth]
  4840 | D:6      | Reached XP level 8. HP: 34/41 MP: 5/12
  4979 | D:6      | Reached skill level 5 in Evocations
  5079 | D:6      | Noticed Pikel
  5080 | D:6      | Noticed Pikel
  5080 | D:6      | Pikel changed into Pikel the yak
  5090 | D:6      | Killed Pikel the yak
  5090 | D:6      | Reached skill level 3 in Short Blades
  5090 | D:6      | Reached skill level 7 in Stealth
  5144 | D:6      | Reached skill level 4 in Fighting
  5144 | D:6      | HP: 1/42 [orc warrior/flail (15)]
  5337 | D:6      | Found a burning altar of Makhleb.
  5357 | D:6      | Noticed Eustachio
  5358 | D:6      | Found a shattered altar of Ashenzari.
  5359 | D:6      | Noticed Eustachio
  5359 | D:6      | Eustachio changed into Eustachio the wyvern
  5380 | D:6      | Killed Eustachio the wyvern
  5496 | D:6      | Found an iron altar of Okawaru.
  5751 | D:7      | Reached XP level 9. HP: 46/46 MP: 14/14
  5756 | D:7      | Reached skill level 6 in Evocations
  5965 | D:7      | Reached skill level 3 in Dodging
  5976 | D:7      | Reached skill level 4 in Short Blades
  5993 | D:7      | Reached skill level 8 in Stealth
  6250 | D:7      | Reached skill level 1 in Long Blades
  6370 | D:7      | Reached ** piety under Pakellas
  6370 | D:7      | Received a gift from Pakellas
  6521 | D:7      | Reached skill level 5 in Fighting
  6731 | D:8      | Found a staircase to the Lair.
  6731 | D:8      | Noticed an elephant
  6741 | D:8      | Found a glowing golden altar of the Shining One.
  6803 | D:8      | Found a sand-covered staircase.
  6811 | Ossuary  | Entered an ossuary
  6844 | Ossuary  | Reached skill level 2 in Long Blades
  6984 | Ossuary  | Reached skill level 7 in Evocations
  7146 | Ossuary  | Reached skill level 3 in Long Blades
  7343 | D:8      | Reached *** piety under Pakellas
  7343 | D:8      | Received a gift from Pakellas
  7343 | D:8      | Reached XP level 10. HP: 46/51 MP: 16/16
  7508 | D:8      | Killed an elephant
  7508 | D:8      | Reached skill level 9 in Stealth
  7517 | D:8      | Reached skill level 4 in Long Blades
  7517 | D:8      | Reached skill level 4 in Dodging
  7875 | D:8      | Found a stormy altar of Qazlal.
  8213 | Lair:1   | Entered Level 1 of the Lair of Beasts
  8240 | Lair:1   | Reached skill level 8 in Evocations
  8276 | Lair:1   | Found a frozen archway.
  8293 | Lair:1   | Reached **** piety under Pakellas
  8293 | Lair:1   | Received a gift from Pakellas
  8307 | Lair:1   | Found a dark tunnel.
  8367 | Volcano  | Entered a volcano
  8500 | IceCv    | Entered an ice cave
  8548 | IceCv    | Reached skill level 6 in Fighting
  8684 | IceCv    | Reached skill level 5 in Long Blades
  8784 | IceCv    | Reached XP level 11. HP: 50/56 MP: 18/18
  9097 | IceCv    | Reached skill level 1 in Throwing
  9229 | IceCv    | Reached skill level 9 in Evocations
  9266 | IceCv    | Reached skill level 5 in Dodging
  9401 | IceCv    | Noticed Heedrag's ghost (novice DECj)
  9414 | IceCv    | Killed Heedrag's ghost
  9414 | IceCv    | Reached skill level 6 in Long Blades
  9939 | IceCv    | Reached ***** piety under Pakellas
  9939 | IceCv    | Received a gift from Pakellas
  9995 | IceCv    | Identified a +7 rod of inaccuracy (13/13) {!a} (Pakellas gifted it to you in an ice cave)
 10114 | IceCv    | Reached skill level 10 in Stealth
 10134 | IceCv    | Reached skill level 3 in Shields
 10163 | IceCv    | Reached skill level 7 in Long Blades
 10259 | IceCv    | Noticed a frost giant
 10535 | IceCv    | Reached skill level 7 in Fighting
 10563 | IceCv    | Gained mutation: You regenerate. [Vine Stalker growth]
 10563 | IceCv    | Reached XP level 12. HP: 50/63 MP: 20/20
 10640 | IceCv    | Killed a frost giant
 10640 | IceCv    | Reached skill level 10 in Evocations
 10779 | IceCv    | Got a flickering platinum ring
 10781 | IceCv    | Identified the ring "Kyjufong" {rPois AC+5 Int+4 Dex+3} (You took it off a frost giant in an ice cave)
 10804 | IceCv    | Got a steaming long sword
 10805 | IceCv    | Identified the cursed +3 long sword of Trog {freeze, Int+5 SInv} (You found it in an ice cave)
 11099 | D:5      | Bought a scroll of fear for 45 gold pieces
 11099 | D:5      | Bought a scroll of recharging for 123 gold pieces
 11099 | D:5      | Bought a scroll of immolation for 45 gold pieces
 11099 | D:5      | Bought a scroll of recharging for 123 gold pieces
 11193 | D:5      | Killed Sigmund
 11757 | Lair:1   | Reached skill level 4 in Shields
 11820 | Lair:1   | Reached skill level 8 in Long Blades
 12157 | Lair:2   | Reached skill level 6 in Dodging
 12419 | Lair:2   | Noticed a seven-headed hydra
 12541 | Lair:1   | Noticed a seven-headed hydra
 13043 | Lair:3   | Reached ****** piety under Pakellas
 13242 | Lair:2   | Killed a seven-headed hydra
 13362 | Lair:3   | Found a staircase to the Shoals.
 13727 | Lair:3   | Reached XP level 13. HP: 50/68 MP: 22/22
 13748 | Lair:3   | Reached skill level 5 in Shields
 13753 | Lair:3   | Reached skill level 11 in Evocations
 13817 | Lair:3   | Reached skill level 9 in Long Blades
 13975 | Lair:3   | Reached skill level 1 in Armour
 14236 | Lair:2   | Reached skill level 8 in Fighting
 15262 | D:10     | Entered Level 10 of the Dungeon
 15674 | D:10     | Reached skill level 7 in Dodging
 15826 | D:10     | Noticed Erolcha
 16064 | D:10     | Reached skill level 2 in Armour
 16066 | D:10     | Noticed Erolcha
 16066 | D:10     | Erolcha changed into Erolcha the fire bat
 16077 | D:10     | Killed Erolcha the fire bat
 16191 | D:10     | Gained mutation: Your mind is acute. (Int +2) [potion of beneficial mutation]
 16713 | D:11     | Noticed Harold
 16723 | D:11     | Killed Harold
 17123 | D:11     | Found a staircase to the Orcish Mines.
 17184 | D:11     | Reached skill level 10 in Long Blades
 17484 | D:12     | Found a runed door.
 17552 | D:12     | Found a flagged portal.
 17583 | Bailey   | Entered a bailey
 17592 | Bailey   | Noticed ceb's ghost (novice MiBe)
 17626 | Bailey   | Lost mutation: Your mind is acute. (Int +2) [potion of cure mutation]
 17632 | Bailey   | Killed ceb's ghost
 17746 | Bailey   | Reached XP level 14. HP: 57/74 MP: 23/23
 17940 | D:12     | Reached skill level 11 in Stealth
 17955 | D:12     | Reached skill level 12 in Evocations
 18035 | D:12     | Noticed Maud
 18097 | D:12     | Killed Maud
 18097 | D:12     | Reached skill level 3 in Armour
 18561 | D:12     | Slain by a phantasmal warrior

Skill      XL: |  1  2  3  4  5  6  7  8  9 10 11 12 13 14 |
---------------+-------------------------------------------+-----
Fighting       | 2 3 4 5 6 7 8 |  8.5
Stealth        | 5 6 7 8 9 10 11 | 11.2
Evocations     | 2 3 4 5 7 8 9 10 11 12 | 12.1
Short Blades   | 1 2 3 4 |  4.0
Dodging        | 2 3 4 5 6 7 |  7.4
Shields        | 1 2 3 4 5 |  5.0
Long Blades    | 3 5 7 8 10 | 10.4
Throwing       | 1 |  1.8
Armour         | 2 3 |  3.1
Staves         | |  1.0

Action                   |  1- 3 |  4- 6 |  7- 9 | 10-12 | 13-15 || total
-------------------------+-------+-------+-------+-------+-------++-------
Melee: Dagger            |    78 |   185 |       |    17 |    19 ||   299
       Bite              |    17 |    55 |   145 |   239 |   252 ||   708
       Unarmed           |     6 |       |       |       |       ||     6
       Short sword       |       |    43 |   482 |   579 |   226 ||  1330
       Long sword        |       |       |       |    84 |   399 ||   483
Throw: Stone             |     1 |       |       |       |       ||     1
       Throwing net      |       |       |     3 |       |       ||     3
       Tomahawk          |       |       |       |     6 |       ||     6
Invok: Renounce Religion |       |     1 |       |       |       ||     1
       Quick Charge      |       |       |    12 |     2 |     1 ||    15
 Abil: Evoke Invisibilit |       |       |       |    28 |    18 ||    46
       Turn Visible      |       |       |       |     5 |       ||     5
       Evoke Flight      |       |       |       |       |     3 ||     3
Evoke: Wand              |     1 |     4 |    24 |    26 |    12 ||    67
       Rod               |       |       |       |    22 |     5 ||    27
       Lamp of fire      |       |       |       |     1 |       ||     1
       Phial of floods   |       |       |       |       |     1 ||     1
       Deck              |       |       |       |       |     1 ||     1
  Use: Scroll            |       |       |     4 |    10 |     4 ||    18
       Potion            |       |       |     1 |     2 |     3 ||     6
 Stab: Sleeping          |     4 |     5 |    15 |    30 |    33 ||    87
       Held in net/web   |       |       |     2 |       |     1 ||     3
       Distracted        |       |       |     3 |     1 |     1 ||     5
       Invisible         |       |       |       |    72 |    72 ||   144
       Confused          |       |       |       |     1 |     6 ||     7
  Eat: Chunk             |     1 |     8 |     2 |    26 |    19 ||    56
       Bread ration      |       |       |     2 |     2 |       ||     4
       Meat ration       |       |       |     1 |       |     1 ||     2
       Royal jelly       |       |       |     1 |       |       ||     1
       Beef jerky        |       |       |       |     2 |       ||     2
Armor: Robe              |     7 |    67 |   103 |    88 |    80 ||   345
       Skin              |       |       |     5 |       |       ||     5
Dodge: Dodged            |    44 |   102 |   193 |   463 |   372 ||  1174
Block: Buckler           |     5 |    31 |    68 |   148 |   128 ||   380
